 Dungeon Crawl Stone Soup version 0.29-a0-341-g24ffce5b50 (webtiles) character file.

Game seed: 4685084866289038320

919 Ijustatesigmund the Thaumaturge (level 7, -2/36 HPs)
             Began as a Deep Elf Conjurer on Apr 20, 2022.
             Slain by Edmund
             ... wielding a +1 flail of protection
              (11 damage)
             ... on level 5 of the Dungeon.
             The game lasted 00:14:09 (5535 turns).

Ijustatesigmund the Thaumaturge (Deep Elf Conjurer) Turns: 5535, Time: 00:14:10

Health: -2/36      AC:  5    Str:  4    XL:     7   Next: 83%
Magic:  13/20      EV: 13    Int: 25    God:
Gold:   282        SH:  0    Dex: 13    Spells: 10/22 levels left

rFire   . . .      SeeInvis .   d - staff of conjuration
rCold   . . .      Faith    .   (no shield)
rNeg    . . .      Spirit   .   a - +0 robe
rPois   .          Reflect  .   i - +1 helmet
rElec   .          Harm     .   o - scarf {repulsion}
rCorr   .          Rampage  .   (no gloves)
Will    .....                   e - +0 pair of boots
Stlth   ++........              (no amulet)
HPRegen 0.12/turn               (no ring)
MPRegen 0.17/turn               (no ring)

@: about to teleport, repel missiles
A: no striking features
a: no special abilities


You were on level 5 of the Dungeon.
You visited 1 branch of the dungeon, and saw 6 of its levels.

You collected 282 gold pieces.

Inventory:

Armour
 a - a +0 robe (worn)
 e - a +0 pair of boots (worn)
 i - a +1 helmet (worn)
 o - a scarf of repulsion (worn)
Magical Staves
 d - a staff of conjuration (weapon)
Scrolls
 g - a scroll of teleportation
Potions
 b - a potion of magic
 c - 2 potions of curing
 f - 3 potions of lignification
 h - a potion of flight
 j - a potion of brilliance
 k - 2 potions of attraction {unknown}
 l - 2 potions of heal wounds {unknown}
 m - a potion of ambrosia {unknown}
 p - a potion of haste


   Skills:
 - Level 1.2 Staves
 - Level 3.6 Dodging
 - Level 2.4 Stealth
 - Level 8.4 Spellcasting
 - Level 8.0 Conjurations
 * Level 0.0 Transmutations
 + Level 0.0 Earth Magic


You had 10 spell levels left.
You knew the following spells:

 Your Spells              Type           Power      Damage    Failure   Level
a - Magic Dart            Conj           100%       1d8       1%          1
b - Searing Ray           Conj           100%       2d8       1%          2
c - Dazzling Flash        Conj/Hex       90%        N/A       3%          3
d - Passwall              Tmut/Erth      8%         N/A       9%          2
e - Iskenderun's Mystic   Conj/Tloc      45%        2d10      11%         4

Your spell library contained the following spells:

 Spells                   Type           Power      Damage    Failure   Level
 Sandblast                Erth           20%        2d7       6%          1
 Slow                     Hex            40%        N/A       6%          1
 Sting                    Tmut/Pois      40%        1d5       6%          1
 Poisonous Vapours        Pois/Air       20%        N/A       9%          2
 Fulminant Prism          Conj/Hex       22%        3d13      11%         4
 Confusing Touch          Hex            10%        N/A       17%         3
 Spider Form              Tmut/Pois      10%        N/A       17%         3
 Vampiric Draining        Necr           10%        2d6       17%         3
 Olgreb's Toxic Radiance  Pois           10%        N/A       50%         4
 Lee's Rapid Deconstruct  Erth           5%         3d7*      85%         5
 Summon Forest            Summ/Tloc      5%         N/A       85%         5
 Summon Mana Viper        Hex/Summ       10%        N/A       85%         5
 Iron Shot                Conj/Erth      22%        9d5       86%         6
 Summon Cactus Giant      Summ           5%         N/A       100%        6
 Dragon Form              Tmut           5%         N/A       100%        7


Dungeon Overview and Level Annotations

Branches:
Dungeon (6/15)             Temple (0/1) D:5

Altars:
Vehumet

Annotations:
D:5 Edmund


Message History

Aiming: Searing Ray (safe; 1% risk of failure)
Press: ? - help, Shift-Dir - straight line, f - Edmund
Aim: Edmund, wielding a +1 flail of protection and wearing a +0 scale mail (85% to hit)
You feel a surge of power!
The searing ray hits Edmund but does no damage. (Press . to maintain the ray.)
The searing ray hits Edmund!
Edmund is moderately wounded.
Edmund drinks a potion.
Edmund seems to speed up.
The searing ray hits Edmund but does no damage.
Edmund is moderately wounded.
Edmund hits you with a +1 flail of protection.
Edmund closely misses you.
The searing ray hits Edmund.
Edmund is moderately wounded.
You finish channelling your searing ray.
Edmund hits you with a +1 flail of protection.
Casting: Searing Ray (safe; 1% risk of failure)
Confirm with . or Enter, or press ? or * to list all spells.
Aiming: Searing Ray (safe; 1% risk of failure)
Press: ? - help, Shift-Dir - straight line, f/p - Edmund
Aim: Edmund, wielding a +1 flail of protection and wearing a +0 scale mail (moderately wounded, fast, 85% to hit)
You feel a surge of power!
The searing ray hits Edmund but does no damage.
Edmund is moderately wounded. (Press . to maintain the ray.) Edmund hits you with a +1 flail of protection!
Edmund barely misses you.
The searing ray hits Edmund but does no damage.
Edmund is moderately wounded.
Edmund hits you with a +1 flail of protection.
Unknown command.
As you read the scroll of teleportation, it crumbles to dust.
You feel strangely unstable.
Edmund hits you with a +1 flail of protection.
* * * LOW HITPOINT WARNING * * *
Edmund barely misses you.
Edmund says, "People think my brother is the best.
I think he's crazy."
Edmund hits you with a +1 flail of protection!
You die...

...# ... #....##.....
#.....# ...
###.....###.###
#.....#........# #
.###..............# .###
...............##.## ....#
.......##.......#..#......
...............#@@..#
........)....#.#....#
....##..)>...#..........
....##................#..
....#...............#.#
.)..................###
..................(..
.............#...)....
............>#.###


You could see Edmund (fast).

Vanquished Creatures
  An ice beast (D:5)
  A black bear (D:6)
  A centaur (D:4)
  2 phantoms
  2 scorpions (D:4)
  An electric eel (D:6)
  2 hounds
  An orc priest (D:5)
  An iguana (D:5)
  Ijyb (D:4)
  3 orc wizards
  7 adders
  An ufetubus (D:5)
  2 dart slugs
  6 orcs
  9 bats
  7 endoplasms
  4 giant cockroaches
  3 hobgoblins
  7 kobolds
  4 quokkas
  10 ball pythons
  3 frilled lizards
  9 goblins
  6 rats
94 creatures vanquished.

Notes
Turn   | Place    | Note
-------+----------+-------------------------------------------
     0 | D:1      | Ijustatesigmund the Deep Elf Conjurer began the quest for
                  | the Orb.
     0 | D:1      | Reached XP level 1. HP: 10/10 MP: 6/6
   201 | D:1      | Reached XP level 2. HP: 15/15 MP: 5/8
   590 | D:1      | Learned a level 2 spell: Searing Ray
   957 | D:2      | Reached skill level 5 in Conjurations
   957 | D:2      | Reached XP level 3. HP: 19/19 MP: 7/10
   988 | D:2      | Learned a level 3 spell: Dazzling Flash
  2301 | D:3      | Reached XP level 4. HP: 24/24 MP: 5/12
  2502 | D:3      | Reached skill level 1 in Staves
  2807 | D:3      | Found a faded altar of an unknown god.
  3082 | D:4      | Reached skill level 5 in Spellcasting
  3225 | D:4      | Noticed a scorpion
  3231 | D:4      | Killed a scorpion
  3232 | D:4      | Reached XP level 5. HP: 23/28 MP: 6/15
  3385 | D:4      | Reached XP level 6. HP: 32/32 MP: 8/16
  3625 | D:4      | Identified the +1 ring mail of Niqepty {Will+}
  3779 | D:5      | Entered Level 5 of the Dungeon
  3795 | D:5      | Noticed Ijyb
  4127 | D:4      | Killed Ijyb
  4611 | D:5      | Noticed an ice beast
  4618 | D:5      | Killed an ice beast
  4619 | D:5      | Reached XP level 7. HP: 36/36 MP: 11/19
  4673 | D:5      | Got Sif Muna's Papyrus of Ashen Shape Shifting
  4677 | D:5      | Learned a level 2 spell: Passwall
  4979 | D:6      | Found a radiant altar of Vehumet.
  5499 | D:5      | Learned a level 4 spell: Iskenderun's Mystic Blast
  5505 | D:5      | Found a staircase to the Ecumenical Temple.
  5525 | D:5      | Noticed Edmund
  5535 | D:5      | Slain by Edmund

Illustrated notes

Levels and vault maps discovered:
D:1:      minmay_arrival_arboretum_small, layout_rooms, minmay_3d_cube
D:2:      layout_basic
D:3:      layout_basic, shapermc_ecumenical_altar_mp_ritualfount
D:4:      layout_basic
D:5:      layout_cave_pools, minmay_temple_entry_offerings, uniq_edmund,
          uniq_ijyb
D:6:      nicolae_cairo_tiling_very_big, layout_loops_cross, vehumet_crystals,
          ebering_ghost_disaster_area, hangedman_abyss_or_decor_passed,
          kennysheep_path_1, chequers_serial_rivers_micro_b

Skill      XL: |  1  2  3  4  5  6  7 |
---------------+----------------------+-----
Spellcasting   | 4 5 7 8 |  8.4
Conjurations   | 5 6 7 8 |  8.0
Staves         | 1 |  1.2
Dodging        | 3 |  3.6
Stealth        | |  2.4

Action                   |  1- 3 |  4- 6 |  7- 9 || total
-------------------------+-------+-------+-------++-------
Melee: Mace              |     1 |       |       ||     1
 Cast: Magic Dart        |   101 |    63 |    28 ||   192
       Searing Ray       |       |     9 |     8 ||    17
  Use: Scroll            |     8 |     6 |     2 ||    16
       Potion            |       |     1 |       ||     1
Armor: Robe              |     1 |     5 |     1 ||     7
Dodge: Dodged            |     4 |    21 |     7 ||    32

Table legend: (Time is in decaauts)
 A = Elapsed time spent in this place.
 B = Non-inter-level travel time spent in this place.
 C = Inter-level travel time spent in this place.
 D = Time resting spent in this place.
 E = Time spent auto-exploring this place.
 F = Levels seen in this place.
 G = Mean time per level.
                   A        B        C        D        E       F      G
               +--------+--------+--------+--------+--------+-----+--------+
         Total |   5535 |   5348 |    187 |   1427 |   3294 |   6 |  922.5 |
       Dungeon |   5535 |   5348 |    187 |   1427 |   3294 |   6 |  922.5 |
               +--------+--------+--------+--------+--------+-----+--------+

Top non-repeatable levels by time:
     D:4: 1479 daAuts
     D:2: 1227 daAuts
     D:3: 957 daAuts
     D:1: 854 daAuts
     D:6: 558 daAuts
     D:5: 458 daAuts
